 Dungeon Crawl Stone Soup version 0.29.1-13-g9f3cf754e1 (webtiles) character file.

Game seed: 2658568789010526430

24 HospitalGownGirl the Stinger (level 3, -2/24 HPs)
             Began as a Human Venom Mage on Feb 6, 2023.
             Was an Initiate of Gozag.
             Killed from afar by an orc wizard (11 damage)
             ... with a puff of flame
             ... on level 3 of the Dungeon.
             The game lasted 00:05:26 (1195 turns).

HospitalGownGirl the Stinger (Human Venom Mage)     Turns: 1195, Time: 00:05:27

Health: -2/24      AC:  2    Str:  8    XL:     3   Next: 15%
Magic:  2/6        EV: 12    Int: 21    God:    Gozag
Gold:   171        SH:  0    Dex: 13    Spells: 0/6 levels left

rFire   . . .      SeeInvis .   g - +10 morningstar of the Nexus {spect, Int+4}
rCold   . . .      Faith    .   (no shield)
rNeg    . . .      Spirit   .   a - +0 robe
rPois   .          Reflect  .   (no helmet)
rElec   .          Harm     .   (no cloak)
rCorr   .          Rampage  .   (no gloves)
Will    .....                   (no boots)
Stlth   ++........              (no amulet)
HPRegen 0.08/turn               (no ring)
MPRegen 0.10/turn               (no ring)

@: gold aura
A: no striking features
a: Renounce Religion, Potion Petition, Call Merchant, Bribe Branch


You were on level 3 of the Dungeon.
You worshipped Gozag.
Gozag was aware of your devotion.
You visited 1 branch of the dungeon, and saw 3 of its levels.

You collected 171 gold pieces.

Inventory:

Hand Weapons
 g - the +10 morningstar of the Nexus (weapon) {spect, Int+4}
   (You found it on level 2 of the Dungeon)

   When its wielder attacks, the weapon's spirit leaps out and strikes again.
   The spirit shares a part of any damage it takes with its wielder.
   Int:       It affects your intelligence (+4).
Missiles
 c - 4 curare-tipped darts (quivered)
 d - 2 poisoned darts
Armour
 a - a +0 robe (worn)
Scrolls
 b - a scroll of poison {unknown}
 e - a scroll of magic mapping {unknown}
Potions
 f - a potion of degeneration {unknown}


   Skills:
 * Level 0.5 Throwing
 * Level 2.1 Dodging
 * Level 2.1 Stealth
 * Level 0.1 Unarmed Combat
 * Level 2.2 Spellcasting
 * Level 1.5 Transmutations
 * Level 0.1 Air Magic
 * Level 3.2 Poison Magic


You couldn't memorise any spells.
You knew the following spells:

 Your Spells              Type           Power      Damage    Failure   Level
a - Sting                 Tmut/Pois      48%        1d5       5%          1
b - Poisonous Vapours     Pois/Air       18%        N/A       11%         2
c - Mephitic Cloud        Conj/Pois/Air  7%         N/A       26%         3

Your spell library contained the following spells:

 Spells                   Type           Power      Damage    Failure   Level
 Olgreb's Toxic Radiance  Pois           16%        N/A       36%         4
 Frozen Ramparts          Ice            4%         1d1       41%         3
 Ice Form                 Ice/Tmut       5%         N/A       71%         4
 Summon Ice Beast         Ice/Summ       2%         N/A       82%         4


Dungeon Overview and Level Annotations

Branches:
Dungeon (3/15)

Altars:
Gozag
Xom


Message History

The ball explodes into a vile cloud!
The stinking cloud engulfs the orc but does no damage. x2
The orc is engulfed in noxious fumes.
The orc appears confused.
The orc wizard gestures wildly while chanting.
The orc wizard flickers and vanishes!
Deactivating autopickup; reactivate with Ctrl-A.
The orc is engulfed in noxious fumes.
The orc appears confused.
The orc is engulfed in noxious fumes.
The orc appears confused.
The orc priest is engulfed in noxious fumes.
The orc priest appears confused.
The orc priest hits the orc with a +0 club.
The orc priest hits itself with a +0 club.
The orc is engulfed in noxious fumes.
The orc appears confused.
The orc hits the orc with a +0 flail!
The orc is killed!
The orc priest is engulfed in noxious fumes.
The orc priest appears confused.
The orc is engulfed in noxious fumes.
The orc appears confused.
The orc hits something with a +0 flail.
You see here a +0 leather armour.
Your magical contamination has completely faded away.
There is a stone staircase leading down here.
Something hits you.
You climb downwards.
Reactivating autopickup.
Found a puce potion.
There is a stone staircase leading up here.
Something hits you.
Deactivating autopickup; reactivate with Ctrl-A.
You barely miss the giant cockroach.
Your +10 morningstar of the Nexus {spect, Int+4} hits the giant cockroach!!
You kill the giant cockroach!
Something hits you. Something hits you but does no damage.
Unknown command.
Something hits you but does no damage.
You hear some strange, mumbled words.
A puff of flame appears from out of thin air!
The puff of flame hits you!
You die...
Your body crumbles into a pile of gold.

##########
#........##..
#............
#....@!..#
#..{ยง....#
.............#
.####........#
#####....#
#+#.... $ $ $
..... ..... ..


There were no monsters in sight!

Vanquished Creatures
  A worm (D:2)
  An orc (D:2)
  3 endoplasms
  3 giant cockroaches
  A goblin (D:1)
  A hobgoblin (D:1)
  2 jackals (D:1)
  2 ball pythons
  A bat (D:1)
  A frilled lizard (D:1)
  3 rats
19 creatures vanquished.

Notes
Turn   | Place    | Note
-------+----------+-------------------------------------------
     0 | D:1      | HospitalGownGirl the Human Venom Mage began the quest for
                  | the Orb.
     0 | D:1      | Reached XP level 1. HP: 13/13 MP: 3/3
    40 | D:1      | Found a faded altar of an unknown god.
    47 | D:1      | Prayed at the altar of an unknown god.
    47 | D:1      | Became a worshipper of Gozag Ym Sagoz the Greedy
   238 | D:1      | Reached XP level 2. HP: 16/19 MP: 1/5
   290 | D:1      | Learned a level 2 spell: Poisonous Vapours
   885 | D:2      | Found a shimmering altar of Xom.
   916 | D:2      | Reached XP level 3. HP: 10/24 MP: 2/6
   921 | D:2      | Learned a level 3 spell: Mephitic Cloud
  1121 | D:2      | Identified the +10 morningstar of the Nexus {spect, Int+4}
  1195 | D:3      | Killed from afar by an orc wizard

Illustrated notes

Levels and vault maps discovered:
D:1:      spicycebolla_arrival_xxxplode, layout_loops_ring,
          shapermc_ecumenical_altar_venn
D:2:      layout_rooms, basic_altar, minivault_27, minmay_tetromino_l2
D:3:      layout_basic, lemuel_blue_sif_altar, pf_just_have_faith, uniq_robin

Action                   || total
-------------------------++-------
Melee: Unarmed           ||     8
       Morningstar       ||     1
Throw: Dart              ||    11
 Cast: Sting             ||    14
       Poisonous Vapours ||    10
       Mephitic Cloud    ||     1
  Use: Scroll            ||     1
       Potion            ||     2
Armor: Robe              ||    22
Dodge: Dodged            ||    50
